 Dungeon Crawl Stone Soup version 0.27-a0-1200-g94dc6ad4cf (webtiles) character file.

Game seed: 2428619122493471252

0 spiderkeys the Skirmisher (level 1, -1/18 HPs)
             Began as a Merfolk Abyssal Knight on June 1, 2021.
             Was a Follower of Lugonu.
             Succumbed to a black mamba's poison
             ... on level 1 of the Abyss.
             The game lasted 00:00:21 (233 turns).

spiderkeys the Skirmisher (Merfolk Abyssal Knight)   Turns: 233, Time: 00:00:22

Health: -1/18      AC:  4    Str: 12    XL:     1   Next: 0%
Magic:  2/2        EV: 12    Int: 11    God:    Lugonu [*.....]
Gold:   6          SH:  0    Dex: 13    Spells: 0/0 levels left

rFire    . . .     SeeInvis .   a - +1 spear
rCold    . . .     Faith    .   (no shield)
rNeg     . . .     Spirit   .   b - +0 leather armour
rPois    .         Reflect  .   (no helmet)
rElec    .         Harm     .   (no cloak)
rCorr    .         Rampage  .   (no gloves)
Will     .....                  (no boots)
Stlth    +.........             (no amulet)
HPRegen  0.06/turn              (no ring)
MPRegen  0.08/turn              (no ring)

@: lethally poisoned (-1 -> -26)
A: (nimble swimmer 2), mertail, shaggy fur 1
a: Renounce Religion, Depart the Abyss


You were on level 1 of the Abyss.
You worshipped Lugonu.
Lugonu was aware of your devotion.
You visited 0 branches of the dungeon, and saw 0 of its levels.
You visited the Abyss 1 time.

You collected 6 gold pieces.


Innate Abilities, Weirdness & Mutations

((You are quick and stealthy near water. (Stealth+, EV+, Speed+++)))
Your lower body shifts to a powerful aquatic tail in water.
You are covered in fur. (AC +1)


   Skills:
 + Level 3.2 Fighting
 + Level 3.0 Polearms
 + Level 0.6 Armour
 + Level 2.6 Dodging
 + Level 2.0 Invocations


You couldn't memorise any spells.
You didn't know any spells.
Your spell library was empty.

Inventory:

Hand Weapons
 a - a +1 spear (weapon)
Missiles
 c - 17 stones
Armour
 b - a +0 leather armour (worn)

Dungeon Overview and Level Annotations

Branches:
Dungeon (0/15)

Altars:

... .. ... .. #.#
##3## #.#
...###...###...
....#.....#....
...........
#.....# .. #.@.#
.. #.# ##.## #.#
...###.S.###...
....#.xS..#.... .
..xX..........
#.....#..x..#....
...###...###...
##.# ##N## #.#
##...###...# #...


You could see a thrashing horror, a worldbinder, 2 black mambas, a smoke demon,
a naga (summoned) and a small abomination.


Message History

🤖 Initializing magus.rc ...
Options error: Delay interrupt name "hungry" not recognised. (~/.crawlrc:4988) ✅ Successfully initialized magus.rc [v1.9.10] Welcome, spiderkeys the Merfolk Abyssal Knight.
The bosom of this dungeon contains the legendary artefact, the Orb of Zot.
Lugonu says: Depart the Abyss and spread corruption, my servant! (use the ability menu to exit the Abyss) Press ? for a list of commands and other information.
Found a corrupted altar of Lugonu.
There is a corrupted altar of Lugonu here.
Found a gateway leading out of the Abyss.
c - a golden potion You are suddenly pulled into a different region of the Abyss!
It was a potion of mutation.
You feel extremely strange. Fur sprouts all over your body.
You see here a +0 leather armour.
c - 17 stones You now have 6 gold pieces.
A worldbinder assembles itself!
A tentacle flies out from the starspawn's body!
A starspawn tentacle comes into view.
A starspawn tentacle comes into view.
The starspawn tentacle grabs you.
The starspawn tentacle constricts you. 😕 HP[-2]
You take 2 damage, and now have 16/18 hp.
The starspawn tentacle's grasp on you weakens, but your attempt to escape fails.
The starspawn tentacle loses its grip on you.
The tentacle pulls you backwards!
The starspawn tentacle barely misses you. 😕 HP[+1]
A small abomination comes into view.
You hit the small abomination but do no damage.
The small abomination hits you but does no damage.
Unknown command.
The worldbinder calls forth creatures from the Snake Pit!
The worldbinder calls forth creatures from the Snake Pit!
The small abomination hits you.
A tentacle flies out from the starspawn's body!
A starspawn tentacle comes into view. 😮 HP[-6]
You take 6 damage, and now have 11/18 hp.
MASSIVE DAMAGE!! (PAUSE)
The black mamba misses you. The black mamba bites you.
* * * LOW HITPOINT WARNING * * *
😨 HP[-5]
You take 5 damage, and now have 6/18 hp.
MASSIVE DAMAGE!! (PAUSE)
A thrashing horror and an ancient zyme come into view.
The black mamba bites you but does no damage.
You feel yourself growing ill in the presence of the ancient zyme.
The black mamba barely misses you.
The thrashing horror roars!
The black mamba closely misses you.
A smoke demon comes into view.
The smoke demon roars!
The black mamba bites you.
* * * LOW HITPOINT WARNING * * *
You are lethally poisoned!
The black mamba poisons you! 😱 HP[-3]
You take 3 damage, and now have 3/18 hp.
You die...

Action                   || total
-------------------------++-------
Melee: Spear             ||     1
  Use: Potion            ||     1
Armor: Leather armour    ||     2
Dodge: Dodged            ||     4

Levels and vault maps discovered:
Abyss:1:  base: Temple, minivault_28, base:
Temple

Notes
Turn   | Place    | Note
-------+----------+-------------------------------------------
     0 | Abyss:1  | spiderkeys the Merfolk Abyssal Knight began the quest for
                  | the Orb.
     0 | Abyss:1  | Reached XP level 1. HP: 18/18 MP: 2/2
     0 | Abyss:1  | magus.rc [v1.9.10]
    51 | Abyss:1  | Found a corrupted altar of Lugonu.
    95 | Abyss:1  | Gained mutation: You are covered in fur. (AC +1) [potion of
                  | mutation]
   208 | Abyss:1  | Noticed a worldbinder
   208 | Abyss:1  | Noticed a tentacled starspawn
   218 | Abyss:1  | Noticed a small abomination
   224 | Abyss:1  | Noticed a black mamba
   224 | Abyss:1  | Noticed a black mamba
   225 | Abyss:1  | Noticed a naga
   229 | Abyss:1  | Noticed a thrashing horror
   229 | Abyss:1  | Noticed an ancient zyme
   232 | Abyss:1  | Noticed a smoke demon
   232 | Abyss:1  | HP: 3/18 [black mamba[a worldbinder] (3)]
   233 | Abyss:1  | Succumbed to a black mamba's poison

Vanquished Creatures (others)
  4 starspawn tentacles (Abyss:1)
4 creatures vanquished.

Table legend:
 A = Non-vault XP
 B = Vault XP
 C = Vault XP percentage of total XP
 D = Non-vault monster count
 E = Vault monster count
 F = Vault count percentage of total count
                 A         B        C        D         E       F
            +---------+---------+-------+---------+---------+-------
      Total |       0 |       0 |   N/A |       0 |       0 |  -nan
            +---------+---------+-------+---------+---------+-------
            +---------+---------+-------+---------+---------+-------

Illustrated notes

Table legend: (Time is in decaauts)
 A = Elapsed time spent in this place.
 B = Non-inter-level travel time spent in this place.
 C = Inter-level travel time spent in this place.
 D = Time resting spent in this place.
 E = Time spent auto-exploring this place.
 F = Levels seen in this place.
 G = Mean time per level.
                   A        B        C        D        E       F      G
               +--------+--------+--------+--------+--------+-----+--------+
         Total |    233 |    233 |      0 |      0 |    205 |   1 |  233.0 |
         Abyss |    233 |    233 |      0 |      0 |    205 |   1 |  233.0 |
               +--------+--------+--------+--------+--------+-----+--------+

Top non-repeatable levels by time:
 Abyss:1: 233 daAuts
